 Dungeon Crawl Stone Soup version 0.29-a0-283-ga02f740833 (webtiles) character file.

Game seed: 14577788946100582306

16 spaghetti the Shield-Bearer (level 2, 16/16 HPs)
             Began as a Vine Stalker Fighter on Mar 13, 2022.
             Quit the game on level 2 of the Dungeon.
             The game lasted 00:00:42 (537 turns).

spaghetti the Shield-Bearer (Vine Stalker Fighter)   Turns: 537, Time: 00:00:43

Health: 16/16      AC:  6    Str: 18    XL:     2   Next: 54%
Magic:  3/3        EV:  9    Int:  8    God:
Gold:   29         SH:  4    Dex: 13    Spells: 1/1 levels left

rFire   . . .      SeeInvis .   a - +0 long sword {long}
rCold   . . .      Faith    .   c - +0 buckler
rNeg    . . .      Spirit   +   b - +0 scale mail
rPois   .          Reflect  .   (no helmet)
rElec   .          Harm     .   (no cloak)
rCorr   .          Rampage  .   (no gloves)
Will    .....                   (no boots)
Stlth   ..........              (no amulet)
HPRegen 0.05/turn               (no ring)
MPRegen 0.08/turn               (no ring)

@: no status effects
A: fangs 2, magic shield, antimagic bite, no potion heal 2
a: no special abilities


You were on level 2 of the Dungeon.
You visited 1 branch of the dungeon, and saw 2 of its levels.

You collected 29 gold pieces.


Innate Abilities, Weirdness & Mutations

You have extremely sharp teeth.
When hurt, damage is shared between your health and your magic reserves.
Your bite disrupts and absorbs the magic of your enemies.
Potions cannot restore your health.


   Skills:
 - Level 2.6 Fighting
 - Level 1.7 Long Blades
 - Level 2.4 Armour
 + Level 1.7 Dodging
 - Level 2.6 Shields


You had one spell level left.
You didn't know any spells.
Your spell library was empty.

Inventory:

Hand Weapons
 a - a +0 long sword (weapon) {long}
Missiles
 f - 25 stones (quivered) {throwing}
Armour
 b - a +0 scale mail (worn)
 c - a +0 buckler (worn)
Scrolls
 e - a scroll of noise {unknown}
Potions
 d - a potion of might
 g - a potion of haste {unknown}
 h - a potion of attraction {unknown}

Dungeon Overview and Level Annotations

Branches:
Dungeon (1/15)

Altars:

##### ... .##
#.# ...? #@#
#..##.###.#>#
#............
#.###.###.#.# #
#.# #.#
###.###†###)...
#...........!..
#.####.........
##.###....


There were no monsters in sight!


Message History

You barely miss the jackal.
The jackal bites you. x2 😕 HP[-3] MP[-1]
You take 3 damage, and now have 13/16 hp.
You lost 1 mp, and now have 2/3 mp.
You hit the jackal. You block the jackal's attack.
The jackal bites you but does no damage.
You block the jackal's attack. x2
You hit the jackal. Your bite misses the jackal. The jackal closely misses you.
The jackal barely misses you. You block the jackal's attack. x2
You barely miss the jackal. You block the jackal's attack.
The jackal barely misses you. The jackal closely misses you.
The jackal bites you but does no damage.
You barely miss the jackal. The jackal misses you. x2
The jackal barely misses you.
The jackal bites you but does no damage.
You barely miss the jackal. You bite the jackal, but do no damage.
The jackal bites you but does no damage.
The jackal bites you. The jackal barely misses you.
The jackal closely misses you. 😮 HP[-1]
You take 1 damage, and now have 12/16 hp.
You hit the jackal. You bite the jackal, but do no damage.
The jackal bites you but does no damage.
The jackal barely misses you. The jackal bites you.
You block the jackal's attack. 😮 HP[-2]
You take 2 damage, and now have 10/16 hp.
You barely miss the jackal. You block the jackal's attack.
The jackal barely misses you. x3
You hit the jackal.
You kill the jackal!
The jackal bites you but does no damage.
The jackal barely misses you. The jackal closely misses you. 😮 MP[+1]
Your mp is fully restored (3).
You slash the jackal!
You kill the jackal! 😮 HP[+1]
You see here a jackal corpse.
Key pressed, stopping explore.
A giant cockroach comes into view. 😎 HP[+5]
Your hp is fully restored (16).
A giant cockroach is nearby!
A giant cockroach is nearby!
A giant cockroach is nearby!
A giant cockroach is nearby!
The giant cockroach bites you but does no damage.
You see here a sedimented green potion.
You hit the giant cockroach.
You kill the giant cockroach!
You see here a giant cockroach corpse.
g - a sedimented green potion A hobgoblin comes into view.
The hobgoblin shouts!
A hobgoblin is nearby!
You block the hobgoblin's attack.
You slash the hobgoblin!
You kill the hobgoblin!
You now have 29 gold pieces (gained 10).
Found a stone staircase leading down.
h - a murky yellow potion
There is a stone staircase leading down here.
There is a stone staircase leading down here.
A frilled lizard and a kobold come into view.
The kobold shouts!
There are monsters nearby!
There are monsters nearby!
The kobold throws a stone.
The stone hits you. 😕 HP[-1]
You take 1 damage, and now have 15/16 hp.
The kobold throws a stone.
The stone closely misses you.
A sourceless malevolence fills the Dungeon...
You fall into a shaft and drop 1 floor!
The shaft crumbles and collapses.
Unknown command.
Unknown command.
A hobgoblin comes into view.
The hobgoblin shouts! 😎 HP[+1]
Your hp is fully restored (16).
A hobgoblin is nearby!
A hobgoblin is nearby!
You block the hobgoblin's attack.
You hit the hobgoblin but do no damage. The hobgoblin closely misses you.
You hit the hobgoblin.
You kill the hobgoblin!
You see here a hobgoblin corpse.
An endoplasm comes into view.
You see here a hobgoblin corpse.
An endoplasm is nearby!
The endoplasm quivers.
Found a scroll labelled PEOLAT BEESOI.
Found a stone staircase leading down.
You hit the endoplasm. Your bite misses the endoplasm.
The endoplasm closely misses you.
The endoplasm hits you but does no damage.
You hit the endoplasm.
You kill the endoplasm!
Are you sure you want to abandon this character and quit the game? (Confirm with "yes".)

Skill      XL: |  1 |
---------------+----+-----
Dodging        | 1 |  1.7
Fighting       | |  2.6
Long Blades    | |  1.7
Armour         | |  2.4
Shields        | |  2.6

Action                   || total
-------------------------++-------
Melee: Long sword        ||    37
       Bite              ||     4
Armor: Scale mail        ||    22
Dodge: Dodged            ||    34
Block: Buckler           ||    16

Levels and vault maps discovered:
D:1:      dpeg_arrival_line_fractal, layout_basic, skrybe_limestone_x
D:2:      layout_loops_ring, hellmonk_ecumenical_altar_watching_god

Notes
Turn   | Place    | Note
-------+----------+-------------------------------------------
     0 | D:1      | spaghetti the Vine Stalker Fighter began the quest for the
                  | Orb.
     0 | D:1      | Reached XP level 1. HP: 11/11 MP: 2/2
     0 | D:1      | magus.rc [v1.9.6]
    57 | D:1      | Reached skill level 1 in Dodging
   308 | D:1      | Reached XP level 2. HP: 15/16 MP: 3/3
   506 | D:1      | You fall into a shaft and drop 1 floor!
   537 | D:2      | Quit the game

Vanquished Creatures
  An endoplasm (D:2)
  2 giant cockroaches (D:1)
  3 hobgoblins
  4 jackals (D:1)
  A kobold (D:1)
  A ball python (D:1)
12 creatures vanquished.

Table legend:
 A = Non-vault XP
 B = Vault XP
 C = Vault XP percentage of total XP
 D = Non-vault monster count
 E = Vault monster count
 F = Vault count percentage of total count
                 A         B        C        D         E       F
            +---------+---------+-------+---------+---------+-------
      Total |      23 |       0 |   0.0 |      12 |       0 |   0.0
            +---------+---------+-------+---------+---------+-------
        D:1 |      19 |       0 |   0.0 |      10 |       0 |   0.0
        D:2 |       4 |       0 |   0.0 |       2 |       0 |   0.0
            +---------+---------+-------+---------+---------+-------

Illustrated notes

Table legend:
 A = Kills in this place as a percentage of kills in entire the game.
 B = Kills by you in this place as a percentage of kills by you in the entire game.
 C = Kills by friends in this place as a percentage of kills by friends in the entire game.
 D = Other kills in this place as a percentage of other kills in the entire game.
 E = Experience gained in this place as a percentage of experience gained in the entire game.
 F = Experience gained in this place divided by the number of levels of this place that you have seen.
                   A       B       C       D       E      F
               +-------+-------+-------+-------+-------+----------------------
         Total | 100.0 | 100.0 |   N/A |   N/A | 100.0 |  11.5
       Dungeon | 100.0 | 100.0 |   N/A |   N/A | 100.0 |  11.5
               +-------+-------+-------+-------+-------+----------------------

Table legend: (Time is in decaauts)
 A = Elapsed time spent in this place.
 B = Non-inter-level travel time spent in this place.
 C = Inter-level travel time spent in this place.
 D = Time resting spent in this place.
 E = Time spent auto-exploring this place.
 F = Levels seen in this place.
 G = Mean time per level.
                   A        B        C        D        E       F      G
               +--------+--------+--------+--------+--------+-----+--------+
         Total |    550 |    550 |      0 |      9 |    442 |   2 |  275.0 |
       Dungeon |    550 |    550 |      0 |      9 |    442 |   2 |  275.0 |
               +--------+--------+--------+--------+--------+-----+--------+

Top non-repeatable levels by time:
     D:1: 518 daAuts
     D:2: 32 daAuts
